AoeStats
← OWL | AlfredtheAlpaca

Oasis

509548437Analyzed
4v4 RM · 4d ago on Sep 27, 2026· 66m 32s· 8 players
Game mode
Random Map
Map size
Large (8 player)
Population
200
Speed
Normal
Resources
Standard
Victory
Conquest
Starting age
Dark Age
Ending age
Imperial Age
RankedLock teamsTeams togetherTeam positionsShared explorationLock speedFull tech treeHidden civsTurbo modeCheats
Victory
Defeat
🇺🇸 Goths · United States
1204
+15
🇲🇽 Maya · Mexico
1176
+16
🇹🇼 Burgundians · Taiwan
1173
+16
1159
+17
🇨🇳 Burmese · China
1298
-21
🇨🇳 Khmer · China
1255
-19
1178
-16
🇨🇳 Mongols · China
963
-22
匆匆
10:51 Feudal Age
13:46 Loom
17:46 Castle Age
15:58 Double-Bit Axe
16:46 Gold Mining
16:46 Stone Mining
17:19 Loom
18:09 Wheelbarrow
19:46 Forging
22:24 Fletching
23:09 Iron Casting
23:27 Pikeman
31:07 Bow Saw
32:59 Husbandry
33:54 Bodkin Arrow
35:27 Bloodlines
40:02 Imperial Age
38:46 Ballistics
38:21 Murder Holes
38:28 Murder Holes
40:41 Scale Barding Armor
41:03 Hand Cart
42:38 Conscription
43:47 Chemistry
44:10 Elite Mangudai
46:21 Gold Shaft Mining
46:21 Stone Shaft Mining
46:38 Squires
见不久好
7:43 Loom
10:59 Feudal Age
16:44 Castle Age
16:09 Scale Barding Armor
20:35 Husbandry
31:54 Fletching
33:01 Bloodlines
39:32 Pikeman
40:13 Squires
39:58 Gambesons
51:34 Elite Skirmisher
52:19 Elite Skirmisher
dy小妖
6:40 Loom
8:37 Feudal Age
10:02 Double-Bit Axe
10:00 Horse Collar
14:14 Forging
15:06 Scale Barding Armor
18:29 Bloodlines
32:09 Castle Age
32:20 Light Cavalry
33:05 Husbandry
35:33 Chain Barding Armor
41:20 Iron Casting
45:50 Bow Saw
49:17 Gold Mining
54:22 Imperial Age
54:27 Hussar
55:48 Plate Barding Armor
58:54 Blast Furnace
活在故事里的骑士
12:06 Feudal Age
15:05 Loom
18:24 Town Watch
33:09 Double-Bit Axe
33:06 Horse Collar
36:11 Castle Age
35:35 Fletching
35:46 Padded Archer Armor
40:33 Leather Archer Armor
44:15 Crossbowman
46:43 Gold Mining
49:08 Bodkin Arrow
49:58 Yeomen
50:29 Ballistics
49:50 Treadmill Crane
51:10 Gold Shaft Mining
54:59 Imperial Age
53:05 Wheelbarrow
52:30 Town Patrol
54:57 Elite Skirmisher
56:15 Conscription
57:37 Ring Archer Armor
57:07 Bracer
58:43 Squires
58:03 Pikeman
59:48 Halberdier
64:23 Elite Longbowman
GMEX | Garlockmx
0:35 Loom
11:53 Feudal Age
22:10 Castle Age
22:18 Fletching
22:16 Crossbowman
23:34 Bodkin Arrow
25:10 Padded Archer Armor
27:12 Leather Archer Armor
38:38 Thumb Ring
44:46 Imperial Age
43:21 Wheelbarrow
43:18 Ballistics
46:46 Hand Cart
46:37 Bracer
47:30 Arbalester
50:21 Chemistry
53:40 Double-Bit Axe
57:07 Ring Archer Armor
60:16 Bow Saw
59:58 Gold Mining
62:05 Pikeman
62:45 Squires
63:58 Stone Mining
65:55 Caravan
OWL | AlfredtheAlpaca
7:07 Loom
10:46 Feudal Age
13:33 Forging
13:46 Scale Barding Armor
19:51 Bloodlines
23:00 Castle Age
21:05 Gold Mining
22:40 Double-Bit Axe
22:57 Horse Collar
24:59 Chain Barding Armor
ask
11:47 Loom
23:15 Feudal Age
25:29 Double-Bit Axe
39:43 Castle Age
asd40130069
5:22 Double-Bit Axe
10:29 Feudal Age
12:48 Loom
15:28 Castle Age
14:09 Bow Saw
18:03 Wheelbarrow
19:12 Horse Collar
20:48 Heavy Plow
21:42 Gold Mining
22:00 Fletching
22:10 Padded Archer Armor
23:16 Bodkin Arrow
23:54 Elite Skirmisher
25:32 Leather Archer Armor
26:00 Forging
25:55 Scale Barding Armor
25:53 Husbandry
26:06 Cavalier
27:34 Hand Cart
28:48 Iron Casting
28:33 Chain Barding Armor
30:09 Ballistics
30:23 Chain Barding Armor
36:16 Imperial Age
35:26 Stone Mining
36:15 Gold Shaft Mining
36:41 Paladin
37:43 Conscription
38:27 Chemistry
38:44 Blast Furnace
38:20 Plate Barding Armor
37:46 Bracer
38:24 Stone Shaft Mining
43:08 Light Cavalry
46:44 Hussar
Connection lost

Rejoining the realm…

Still unreachable

The connection could not be restored.

Session expired

The server has moved on; the page needs a fresh start.